 Dungeon Crawl Stone Soup version 0.31.0-2-g5a2aebc5c2 (webtiles) character file.

Game seed: 12959842202031014311

115 Sobieck the Shooter (level 4, -8/33 HPs)
             Began as a Mummy Hunter on Jan 20, 2024.
             Killed from afar by Ijyb (10 damage)
             ... with a puff of flame
             ... on level 3 of the Dungeon.
             The game lasted 00:03:26 (1838 turns).

Sobieck the Shooter (Mummy Hunter)                  Turns: 1838, Time: 00:03:27

Health: -8/33      AC:  7    Str: 14    XL:     4   Next: 68%
Magic:  4/4        EV: 11    Int:  8    God:
Gold:   131        SH:  0    Dex: 17    Spells: 3/3 levels left

rFire   x . .        a - +0 shortbow
rCold   + . .        (shield currently unavailable)
rNeg    + + +        c - +0 leather armour
rPois   ∞            (no helmet)
rElec   .            h - +0 cloak
rCorr   .            (no gloves)
SInv    +            p - +2 pair of boots
Will    .....        (no amulet)
Stlth   ++           s - ring of see invisible
HPRegen 0.25/turn    (no ring)
MPRegen 0.09/turn

%: faith
@: no status effects
A: cold resistance 1, negative energy resistance 3, torment resistance 2, heat
vulnerability 1, in touch with death 1, no potions, faith
a: no special abilities


You were on level 3 of the Dungeon.
You visited 1 branch of the dungeon, and saw 3 of its levels.

You collected 131 gold pieces.

Inventory:

Hand Weapons
 a - a +0 shortbow (weapon)
Armour
 c - a +0 leather armour (worn)
 h - a +0 cloak (worn)
 p - a +2 pair of boots (worn)
Jewellery
 s - a ring of see invisible (left hand)
Wands
 o - a wand of quicksilver (9)
Scrolls
 b - a scroll of butterflies
 d - 2 scrolls of enchant weapon {unknown}
 e - a scroll of immolation {unknown}
 f - a scroll of summoning {unknown}
 g - a scroll of teleportation {unknown}
 i - 5 scrolls of identify {unknown}
 j - a scroll of fog {unknown}
 k - a scroll of blinking {unknown}
 m - a scroll of amnesia {unknown}
 n - a scroll of silence {unknown}


   Skills:
 - Level 2.0 Fighting
 + Level 5.1 Ranged Weapons
 - Level 1.5 Dodging
 - Level 0.7 Stealth


You had 3 spell levels left.
You didn't know any spells.
Your spell library contained the following spells:

 Spells                   Type           Power      Damage    Failure   Level
 Dazzling Flash           Conj/Hex       0%         N/A       86%         3
 Frozen Ramparts          Ice            0%         1d1       86%         3
 Gell's Gravitas          Tloc           0%         N/A       86%         3
 Summon Ice Beast         Ice/Summ       0%         N/A       86%         3
 Teleport Other           Tloc           0%         N/A       86%         3
 Volatile Blastmotes      Fire/Tloc      0%         2d10      86%         3
 Leda's Liquefaction      Alch/Erth      0%         N/A       99%         4
 Petrify                  Alch/Erth      0%         N/A       99%         4
 Metabolic Englaciation   Hex/Ice        0%         N/A       100%        5
 Summon Mana Viper        Hex/Summ       0%         N/A       100%        5
 Dispersal                Tloc           0%         N/A       100%        6
 Starburst                Conj/Fire      0%         6d3       100%        6
 Monstrous Menagerie      Summ           0%         N/A       100%        7
 Maxwell's Capacitive Co  Air            0%         ∞         100%        8


Dungeon Overview and Level Annotations

Branches:
Dungeon (3/15)

Altars:
Cheibriados
Gozag

Annotations:
D:3 Ijyb


Innate Abilities, Weirdness & Mutations

You are immune to poison.
Your flesh is cold resistant. (rC+)
You are immune to negative energy. (rN+++)
You are immune to unholy pain and torment.
You are vulnerable to heat. (rF-)
You are in touch with the powers of death.
You do not drink.
You have a special connection with the divine. (Faith)


Message History

The adder is lightly wounded.
You shoot an arrow. The arrow hits the adder!
The adder is almost dead.
You shoot an arrow. The arrow closely misses the adder.
The adder closely misses you.
You shoot an arrow. The arrow hits the adder.
You kill the adder!
No target in view!
Unknown command.
Things that are here:
a +0 club; a goblin corpse A frilled lizard is nearby!
Unknown command.
You shoot an arrow.
The arrow barely misses the frilled lizard.
You shoot an arrow. The arrow hits the frilled lizard.
You kill the frilled lizard!
No target in view!
s - a ring of see invisible
s - a ring of see invisible (left hand) Unknown command.
Found a coppery potion.
Ijyb and a kobold come into view.
Ijyb is wielding a +0 club and carrying a wand of flame.
Ijyb shouts!
You shoot an arrow. The arrow misses the kobold.
The kobold shouts!
The kobold throws a stone.
The stone barely misses you.
Ijyb zaps a wand.
The puff of flame hits you. The fire burns you terribly!
The kobold throws a stone.
The stone closely misses you. Ijyb screams, "Me stronger than you!"
Danger!
The kobold throws a stone.
The stone barely misses you.
The kobold throws a stone.
The stone hits you but does no damage.
The kobold throws a stone.
The stone closely misses you.
There is a stone staircase leading up here.
You shoot an arrow. The arrow hits the kobold.
You kill the kobold!
You shoot an arrow. The arrow hits Ijyb but does no damage.
You shoot an arrow. The arrow hits Ijyb but does no damage.
You shoot an arrow. The arrow hits Ijyb but does no damage.
You shoot an arrow. The arrow hits Ijyb.
Ijyb is moderately wounded.
Ijyb zaps a wand.
The puff of flame hits you! The fire burns you terribly!
You shoot an arrow. The arrow closely misses Ijyb.
Ijyb zaps a wand.
The puff of flame hits you! The fire burns you terribly!
Ijyb zaps a wand.
The puff of flame hits you! The fire burns you terribly!
* * * LOW HITPOINT WARNING * * *
Ijyb zaps a wand.
The puff of flame hits you! The fire burns you terribly!
You die...

.# ..................##
†#####g##)..#......##..##
...................###..#
.##.####...........# ##.#######..
.#..###.....g......####..#......#
...###.................#...#####.
..###....†.._........#...........
.## #............................
.####.._..8.....@..#..........##.
.).......................####.###
.####....................## #....
.#####...._...###.........###....
...............##.............##.
...##..!..)....##.........#.#####
##.##.................>...#.#####
##................###...#........
!................................


You could see Ijyb.

Vanquished Creatures
  Terence (D:3)
  4 adders
  3 dart slugs
  An orc (D:3)
  4 ball pythons
  7 bats
  4 endoplasms
  A giant cockroach (D:1)
  5 goblins
  3 hobgoblins
  2 jackals
  A quokka (D:3)
  4 frilled lizards
  5 kobolds
  3 rats
48 creatures vanquished.

Notes
Turn   | Place    | Note
-------+----------+-------------------------------------------
     0 | D:1      | Sobieck the Mummy Hunter began the quest for the Orb.
     0 | D:1      | Reached XP level 1. HP: 16/16 MP: 1/1
   202 | D:1      | Found a faded altar of an unknown god.
   262 | D:1      | Reached XP level 2. HP: 22/22 MP: 2/2
   596 | D:1      | Reached skill level 4 in Ranged Weapons
   842 | D:2      | Reached XP level 3. HP: 27/27 MP: 3/3
  1255 | D:3      | Found a snail-covered altar of Cheibriados.
  1255 | D:3      | Found an opulent altar of Gozag.
  1465 | D:3      | Noticed Terence
  1524 | D:3      | Reached XP level 4. HP: 33/33 MP: 4/4
  1714 | D:3      | Killed Terence
  1773 | D:3      | Reached skill level 5 in Ranged Weapons
  1807 | D:3      | Noticed Ijyb
  1838 | D:3      | Killed from afar by Ijyb

Illustrated notes

Levels and vault maps discovered:
D:1:      dpeg_arrival_concentric_ovals, layout_loops_corners,
          shapermc_ecumenical_altar_pompeii, minmay_split_cup_small
D:2:      layout_rooms
D:3:      layout_rooms, overflow_temple_1_default, grunt_temple_overflow_open,
          uniq_terence, uniq_ijyb

Skill      XL: |  1  2  3  4 |
---------------+-------------+-----
Ranged Weapons | 4 5 |  5.1
Fighting       | |  2.0
Dodging        | |  1.5
Stealth        | |  0.7

Action                     |  1- 3 |  4- 6 || total
---------------------------+-------+-------++-------
   Fire: Shortbow          |   108 |    33 ||   141
 Armour: Leather armour    |    29 |    13 ||    42
  Dodge: Dodged            |    32 |     9 ||    41
